 Dungeon Crawl Stone Soup version 0.28.0-53-g5a82cb258f (webtiles) character file.

Game seed: 4929985656212067737

73 Gorgondantess the Grasshopper (level 4, -11/36 HPs)
             Began as a Palentonga Warper on June 16, 2022.
             Was an Initiate of Ashenzari.
             Killed by nerve-wracking pain
             ... invoked by Grinder
              (13 damage)
             ... on level 3 of the Dungeon.
             The game lasted 00:07:55 (2743 turns).

Gorgondantess the Grasshopper (Palentonga Warper)   Turns: 2743, Time: 00:07:56

Health: -11/36     AC:  0    Str: 16    XL:     4   Next: 8%
Magic:  7/7        EV: 33    Int: 14    God:    Ashenzari [......]
Gold:   100        SH:  0    Dex: 14    Spells: 5/7 levels left

rFire   . . .      SeeInvis +   (weapon currently unavailable)
rCold   . . .      Faith    .   (shield currently unavailable)
rNeg    . . .      Spirit   .   (armour currently unavailable)
rPois   .          Reflect  .   (helmet currently unavailable)
rElec   .          Harm     .   (cloak currently unavailable)
rCorr   .          Rampage  .   (gloves currently unavailable)
Will    .....                   (no barding)
Stlth   +.........              s - amulet of Ashenzari's Comet {Acrobat, Fort, Range} (curse)
HPRegen 0.12/turn               (ring currently unavailable)
MPRegen 0.10/turn               (ring currently unavailable)

@: bat-form, acrobatic, flying, very quick
A: fast, flying, no casting, tiny, rugged brown scales 3, see invisible,
(deformed body), (roll 1), (armoured tail)
a: Renounce Religion, Shatter the Chains


You were on level 3 of the Dungeon.
You worshipped Ashenzari.
Ashenzari was noncommittal.
You were a bat.
You visited 1 branch of the dungeon, and saw 3 of its levels.

You collected 149 gold pieces.
You spent 49 gold pieces at shops.

Inventory:

Hand Weapons
 a - a +0 falchion
 h - a +0 long sword
 r - a +1 short sword of speed (melded)
Missiles
 d - 5 boomerangs of dispersal
 e - 2 poisoned darts (quivered)
Armour
 b - a +0 leather armour (melded)
Magical Staves
 m - a staff of conjuration
Jewellery
 s - the cursed amulet of Ashenzari's Comet (around neck) {Acrobat, Fort, Range}
   (You found it on level 2 of the Dungeon)

   [amulet of the acrobat]

   It increases your evasion while moving and waiting.
   It has a curse which improves the following skills: Fortitude: Armour and
   Shields.
   Ranged Combat: Slings, Bows, Crossbows and Throwing.
Scrolls
 c - a scroll of blinking
 f - a scroll of fear {unknown}
 i - a scroll of amnesia {unknown}
 l - a scroll of magic mapping
 o - a scroll of enchant armour {unknown}
 p - a scroll of identify {unknown}
 q - a scroll of noise {unknown}
 u - 2 scrolls of teleportation {unknown}
Potions
 j - a potion of lignification
 k - a potion of brilliance {unknown}
 n - 2 potions of heal wounds {unknown}
 t - a potion of mutation {unknown}


   Skills:
 * Level 2.8 Fighting
 + Level 3.1 Long Blades
 - Level 0.6(0.9) Throwing
 + Level 1.5(1.9) Armour
 - Level 1.5 Dodging
 - Level 2.0 Spellcasting
 * Level 3.2 Translocations


You had 5 spell levels left.
You knew the following spells:

 Your Spells              Type           Power      Damage    Failure   Level
a - Blink                 Tloc           20%        N/A       10%         2

Your spell library contained the following spells:

 Spells                   Type           Power      Damage    Failure   Level
 Gell's Gravitas          Tloc           10%        N/A       19%         3
 Lesser Beckoning         Tloc           10%        N/A       19%         3
 Teleport Other           Tloc           10%        N/A       19%         3
 Ozocubu's Armour         Ice            1%         N/A       56%         3
 Manifold Assault         Tloc           10%        N/A       86%         5
 Animate Dead             Necr           0%         N/A       93%         4
 Haunt                    Necr/Summ      0%         N/A       100%        7
 Ozocubu's Refrigeration  Ice            0%         4d5       100%        7
 Infestation              Necr           0%         N/A       100%        8


Dungeon Overview and Level Annotations

Branches:
Dungeon (3/15)

Altars:
Ashenzari
Wu Jian
The Shining One

Shops:
D:1 ?   D:2 (

Annotations:
D:3 Grinder


Innate Abilities, Weirdness & Mutations

You are a bat.
You are tiny and dextrous.
You move quickly.
You are flying.
Your equipment is almost entirely melded.
You are incapable of wielding weapons or throwing items.
You cannot cast spells.
(You are completely covered in rugged brown scales. (AC +3, +7% HP))
You have supernaturally acute eyesight. (SInv)
((Armour fits poorly on your strangely shaped body.))
((You can roll at nearby foes to attack.))
((You have a long armoured tail.))


Message History

Grinder is heavily wounded.
Grinder blinks!
There's nothing you can charge at!
Roll where?
Press: ? - help, Dir - move target, f - Grinder
Aim: Grinder, carrying a wand of polymorph (6) (heavily wounded)
You roll forward with a clatter of scales!
You hit Grinder but do no damage.
Grinder is heavily wounded.
You hear a shout!
Grinder hits you.
You hit Grinder.
Grinder is heavily wounded.
Grinder hits you!
You writhe in agony.
You hit Grinder but do no damage.
Grinder is heavily wounded.
Grinder gestures at you.
You barely resist. You hit Grinder. You tail-slap Grinder!
Grinder is severely wounded.
You hit Grinder.
Grinder is almost dead.
Grinder hits you.
You writhe in agony.
* * * LOW HITPOINT WARNING * * *
You barely miss Grinder.
Grinder is almost dead.
Grinder gestures at you. Pain shoots through your body!
* * * LOW HITPOINT WARNING * * *
You barely miss Grinder. Your punch misses Grinder.
Grinder is almost dead.
You barely miss Grinder. Your punch misses Grinder.
Grinder is almost dead.
Grinder zaps a wand.
You turn into a bat.
Your +1 short sword of speed melds into your body.
Your +0 leather armour melds into your body.
Unknown command.
Grinder gestures at you. Pain shoots through your body!
You die...

.. .# .##........# ###. #
...........### #.. ###. ..
..._..§§.... #.# .... #..
♣.....≈§..#.#####.#..##
#..♣♣.........#...........#
#.....##....###.#..###.⌠.⌠.#
#.....##....###...## ...♣♣
#.........##..b.## ..5♣
#####.....####.(.## ...
#...###)##.....5## _.
.....##.........## .♣♣#
....<.#..........# ♣.#
......#..........# #.#
.................#############.#
......#..........##............#
......#.............############


You could see Grinder.

Vanquished Creatures
  2 adders (D:2)
  3 worms
  4 ball pythons
  A bat (D:1)
  8 endoplasms
  2 giant cockroaches (D:2)
  5 goblins
  4 hobgoblins
  4 kobolds
  3 quokkas
  4 frilled lizards
  3 rats
43 creatures vanquished.

Notes
Turn   | Place    | Note
-------+----------+-------------------------------------------
     0 | D:1      | Gorgondantess the Palentonga Warper began the quest for the
                  | Orb.
     0 | D:1      | Reached XP level 1. HP: 17/17 MP: 3/3
    19 | D:1      | Found Ysaps's Magic Scroll Emporium.
    95 | D:1      | Reached XP level 2. HP: 18/24 MP: 5/5
    99 | D:1      | Reached skill level 1 in Armour
   104 | D:1      | Learned a level 2 spell: Blink
   715 | D:1      | Bought a scroll of magic mapping for 49 gold pieces
   737 | D:2      | Reached XP level 3. HP: 9/29 MP: 6/6
   997 | D:2      | Found a broken altar of Ashenzari.
  1010 | D:2      | Became a worshipper of Ashenzari the Shackled
  1388 | D:2      | Found a faded altar of an unknown god.
  2294 | D:2      | Found Ripp's Antique Weapon Shop.
  2406 | D:3      | Found an ornate altar of the Wu Jian Council.
  2525 | D:3      | Reached XP level 4. HP: 36/36 MP: 7/7
  2679 | D:3      | Found a glowing golden altar of the Shining One.
  2679 | D:3      | Noticed Grinder
  2684 | D:3      | Paralysed by Grinder for 6 turns
  2714 | D:3      | Paralysed by Grinder for 5 turns
  2743 | D:3      | Killed from afar by Grinder

Illustrated notes

Levels and vault maps discovered:
D:1:      ncdulo_lavacross, layout_rooms, serial_shops, shop,
          minmay_pentomino_z4
D:2:      layout_basic, hellmonk_ecumenical_altar_lost_god, basic_altar,
          serial_shops, shop, kennysheep_generic_room_7
D:3:      layout_rooms, good_gods_temple_1, nicolae_wu_jian_wuxing_cycle,
          mainiacjoe_overflow_alcove_2, nrook_uturn, uniq_jessica, uniq_grinder,
          uniq_sigmund

Skill      XL: |  1  2  3 |
---------------+----------+-----
Armour         | 1 |  1.5
Long Blades    | 3 |  3.1
Fighting       | |  2.8
Throwing       | |  0.6
Dodging        | |  1.5
Spellcasting   | |  2.0
Translocations | |  3.2

Action                   |  1- 3 |  4- 6 || total
-------------------------+-------+-------++-------
Melee: Falchion          |    21 |       ||    21
       Tailslap          |    13 |     3 ||    16
       Long sword        |    62 |       ||    62
       Short sword       |    57 |    40 ||    97
       Punch             |     2 |       ||     2
Throw: Dart              |     3 |       ||     3
Invok: Curse Item        |     1 |       ||     1
 Abil: Rolling Charge    |     3 |     3 ||     6
  Use: Potion            |       |     2 ||     2
Armor: Leather armour    |    36 |       ||    36
       Skin              |       |    13 ||    13
Dodge: Dodged            |    52 |     1 ||    53
